 Dungeon Crawl Stone Soup version 0.29.1-15-g9cfb28693d (webtiles) character file.

Game seed: 9962033257163142245

98 BreqofToren the Trooper (level 4, 0/37 HPs)
             Began as a Demonspawn Abyssal Knight on Feb 22, 2023.
             Was a Priest of Lugonu.
             Constricted to death by Ijyb (4 damage)
             ... on level 3 of the Dungeon.
             The game lasted 00:06:52 (2381 turns).

BreqofToren the Trooper (Demonspawn Abyssal Knight) Turns: 2381, Time: 00:06:52

Health: 0/37       AC:  4    Str: 15    XL:     4   Next: 44%
Magic:  6/6        EV:  8    Int: 12    God:    Lugonu [***...]
Gold:   209        SH:  4    Dex: 13    Spells: 3/3 levels left

rFire   . . .      SeeInvis .   a - +1 spear (vorpal)
rCold   . . .      Faith    .   (no shield)
rNeg    . . .      Spirit   .   b - +0 leather armour
rPois   .          Reflect  .   (no helmet)
rElec   .          Harm     .   (no cloak)
rCorr   .          Rampage  .   j - +0 pair of gloves
Will    .....                   (no boots)
Stlth   +.........              (no amulet)
HPRegen 0.12/turn               (no ring)
MPRegen 0.20/turn               (no ring)

@: grasped by roots, constricted
A: large bone plates 1, magic regeneration
a: Renounce Religion, Depart the Abyss, Bend Space, Banish


You were on level 3 of the Dungeon.
You worshipped Lugonu.
Lugonu was most pleased with you.
You visited 1 branch of the dungeon, and saw 3 of its levels.
You visited the Abyss 1 time.

You collected 209 gold pieces.

Inventory:

Hand Weapons
 a - a +1 vorpal spear (weapon)
Armour
 b - a +0 leather armour (worn)
 j - a +0 pair of gloves (worn)
Jewellery
 f - a +4 ring of protection
Scrolls
 d - 2 scrolls of identify
Potions
 e - a potion of flight
 g - a potion of haste {unknown}
 h - a potion of degeneration {unknown}
 i - a potion of lignification {unknown}
 m - a potion of ambrosia {unknown}
 n - 2 potions of berserk rage {unknown}
 p - a potion of heal wounds {unknown}
 r - a potion of might {unknown}


   Skills:
 + Level 4.0 Fighting
 + Level 3.1 Polearms
 + Level 1.8 Armour
 + Level 1.2 Dodging
 + Level 0.2 Stealth
 + Level 2.8 Invocations


You had 3 spell levels left.
You didn't know any spells.
Your spell library contained the following spells:

 Spells                   Type           Power      Damage    Failure   Level
 Magic Dart               Conj           0%         1d3       38%         1
 Call Imp                 Summ           0%         N/A       52%         2
 Searing Ray              Conj           0%         2d4       52%         2
 Mephitic Cloud           Conj/Pois/Air  0%         N/A       77%         3
 Fulminant Prism          Conj/Hex       0%         3d6       99%         4


Dungeon Overview and Level Annotations

Branches:
Dungeon (3/15)

Altars:
Ashenzari

Annotations:
D:3 Ijyb


Innate Abilities, Weirdness & Mutations

You are partially covered in large bone plates. (SH +4)
You regenerate magic rapidly.


Message History

There is an open door here.
You open the door. You open the door.
Ijyb the Twisted Goblin comes into view.
She is wielding a +0 dagger and carrying a wand of roots (13).
Ijyb shouts!
Ijyb zaps a wand.
The roots erupt in riotous growth!
The grasping roots grab you! The grasping roots constrict you.
You reach to attack!
You hit Ijyb but do no damage. The grasping roots constrict you.
You hit Ijyb but do no damage. Ijyb hits you with a +0 dagger.
The grasping roots constrict you.
You hit Ijyb but do no damage. You hit Ijyb but do no damage.
You block Ijyb's attack. The grasping roots constrict you.
The grasping roots release their grip on you.
You are too injured to fight recklessly!
You are too injured to fight recklessly!
Okay, then.
You hit Ijyb.
Ijyb is lightly wounded.
Ijyb hits you with a +0 dagger.
You closely miss Ijyb.
Ijyb is lightly wounded.
Ijyb closely misses you.
You hit Ijyb but do no damage.
Ijyb is lightly wounded.
Ijyb misses you.
You hit Ijyb but do no damage.
Ijyb is lightly wounded.
Ijyb zaps a wand.
The roots erupt in riotous growth!
The grasping roots grab you!
Ijyb is unaffected.
The grasping roots constrict you.
* * * LOW HITPOINT WARNING * * *
You hit Ijyb.
Ijyb is moderately wounded.
Ijyb hits you with a +0 dagger.
* * * LOW HITPOINT WARNING * * *
The grasping roots constrict you.
You die...

..................
.#.#######'#######
.#.# #.# #.#
#####.##### #.#
#...'.'...# #.#
#.###.###.# # #.#
#.# #.# .# #.
###.###'###..#
.........@g..#
###.###'###..# #.#
#.# .# #.# #.# #
..# ###


You could see Ijyb.

Vanquished Creatures
  2 adders
  3 worms
  3 dart slugs
  5 ball pythons
  7 endoplasms
  A giant cockroach (D:2)
  11 goblins
  11 hobgoblins
  6 bats
  3 frilled lizards
  3 kobolds
  6 rats
61 creatures vanquished.

Notes
Turn   | Place    | Note
-------+----------+-------------------------------------------
     0 | Abyss:1  | BreqofToren the Demonspawn Abyssal Knight began the quest
                  | for the Orb.
     0 | Abyss:1  | Reached XP level 1. HP: 18/18 MP: 2/2
    15 | D:1      | Escaped the Abyss
   184 | D:1      | Gained mutation: You regenerate magic rapidly. [demonic
                  | ancestry]
   184 | D:1      | Reached XP level 2. HP: 21/24 MP: 3/3
   773 | D:1      | Found a faded altar of an unknown god.
   891 | D:1      | Gained mutation: You are partially covered in large bone
                  | plates. (SH +4) [demonic ancestry]
   891 | D:1      | Reached XP level 3. HP: 30/30 MP: 5/5
  1063 | D:2      | Reached skill level 1 in Dodging
  1424 | D:2      | Reached *** piety under Lugonu
  1847 | D:2      | Reached skill level 4 in Fighting
  1847 | D:2      | Reached XP level 4. HP: 37/37 MP: 6/6
  1984 | D:3      | Found a broken altar of Ashenzari.
  2372 | D:3      | Noticed Ijyb
  2381 | D:3      | Constricted to death by Ijyb

Illustrated notes

Levels and vault maps discovered:
D:1:      minmay_arrival_five_plusses, layout_basic,
          hellmonk_ecumenical_altar_heavens_door
D:2:      cheibrodos_greedy_goblins, layout_rooms
D:3:      layout_rooms, mainiacjoe_overflow_tiny_flanked,
          ashenzari_conservatory_becter, minmay_door_square,
          nicolae_figureground_pulse, uniq_ijyb

Skill      XL: |  1  2  3  4 |
---------------+-------------+-----
Polearms       | 2 3 |  3.1
Dodging        | 1 |  1.2
Fighting       | 4 |  4.0
Armour         | |  1.8
Stealth        | |  0.2
Invocations    | |  2.8

Action                   |  1- 3 |  4- 6 || total
-------------------------+-------+-------++-------
Melee: Spear             |   180 |    48 ||   228
       Punch             |     1 |       ||     1
  Use: Scroll            |       |     6 ||     6
 Stab: Sleeping          |     2 |       ||     2
Armor: Leather armour    |    40 |     6 ||    46
Dodge: Dodged            |    81 |    10 ||    91
Block: Other             |    11 |     5 ||    16
